 Dungeon Crawl Stone Soup version 0.21-a0-19-g210df22 (webtiles) character file.

23 Ijustatesigmund the Conjurer (level 2, -1/19 HPs)
             Began as an Octopode Conjurer on May 24, 2017.
             Engulfed by a cloud of steam (11 damage)
             ... on level 1 of the Dungeon.
             The game lasted 00:02:49 (1353 turns).

Ijustatesigmund the Conjurer (Octopode Conjurer)    Turns: 1353, Time: 00:02:49

Health: -1/19      AC:  1    Str:  7    XL:     2   Next: 95%
Magic:  5/5        EV: 13    Int: 17    God:
Gold:   109        SH:  0    Dex: 12    Spells: 2/5 levels left

rFire    . . .     SeeInvis .   i - +0 dagger (speed)
rCold    . . .     Gourm    .   (no shield)
rNeg     . . .     Faith    .   (helmet restricted)
rPois    .         Spirit   .   (no amulet)
rElec    .         Reflect  .   (no ring)
rCorr    .         Harm     .   (no ring)
MR       .....                  (no ring)
Stlth    ++++......             (no ring)
Regen    0.1/turn               (no ring)
MPRegen  0.1/turn               (no ring)
                                (no ring)
                                (no ring)

@: no status effects
A: almost no armour, stealthy swim, amphibious, 8 rings, constrict 8, camouflage
1, gelatinous body 1
a: no special abilities


You were on level 1 of the Dungeon.
You were hungry.

You visited 1 branch of the dungeon, and saw 2 of its levels.

You collected 109 gold pieces.

Inventory:

Hand Weapons
 e - a +0 whip
 i - a +0 dagger of speed (weapon)
Missiles
 f - 5 javelins (quivered)
Potions
 c - a potion of lignification
 g - a potion of flight {unknown}
 h - 2 potions of haste {unknown}
Books
 a - a book of Conjurations

   Spells                             Type                      Level
   a - Magic Dart                     Conjuration                  1
   b - Searing Ray                    Conjuration                  2
   c - Dazzling Spray                 Conjuration/Hexes            3
   d - Fulminant Prism                Conjuration/Hexes            4
   e - Force Lance                    Conjuration/Translocation    4
   f - Iskenderun's Mystic Blast      Conjuration                  4
Comestibles
 b - 3 bread rations
 d - a meat ration


   Skills:
 + Level 2.0 Fighting
 - Level 2.0 Dodging
 - Level 2.6 Stealth
 + Level 2.3 Spellcasting
 - Level 4.0 Conjurations


You had 2 spell levels left.
You knew the following spells:

 Your Spells              Type           Power        Failure   Level  Hunger
a - Magic Dart            Conj           ###.         3%          1    #......
b - Searing Ray           Conj           ###...       5%          2    ##.....


Dungeon Overview and Level Annotations

Branches:
Dungeon (2/15)

Altars:


Innate Abilities, Weirdness & Mutations

You cannot wear most types of armour.
You are very stealthy in the water. (Stealth+)
You are amphibious.
You can wear up to eight rings at the same time.
You can use your tentacles to constrict eight enemies at once.
Your skin changes colour to match your surroundings (Stealth+).
Your rubbery body absorbs attacks. (AC +1, EV +1)


Message History

Press: ? - help, Shift-Dir - straight line, f/p - giant cockroach
Aim: a giant cockroach (severely wounded, clinging)
The magic dart hits the giant cockroach.
You kill the giant cockroach!
Your Fighting skill increases to level 2!
You see here a giant cockroach corpse.
You butcher the giant cockroach corpse.
j - a chunk of flesh You start resting.
Eating a chunk of flesh.
You eat the chunk of flesh.
This raw flesh tastes terrible.
You are feeling hungry.
Your magical contamination has completely faded away.
You start resting.
Magic restored.
Partly explored, can't reach some places.
Partly explored, can't reach some places.
You are engulfed in a cloud of scalding steam.
You are engulfed in a cloud of scalding steam.
Ouch! That really hurt!
You die...

####........####.
#..'.............
#.##........####.
##########.## ##
§≈# #.# §≈## #.#
≈≈≈ #.# ##§# #.#
#@# #.# #§###
###.# ##§≈# #...#
######≈#####.###
#...≈≈≈≈≈....#
#..[.≈≈≈.....#
###..........#
######...###
#####


There were no monsters in sight!

Vanquished Creatures
  A dart slug (D:1)
  A leopard gecko (D:1)
  3 bats (D:1)
  3 giant cockroaches
  4 hobgoblins
  A kobold (D:1)
  3 frilled lizards
  A goblin (D:2)
  2 rats (D:1)
19 creatures vanquished.

Notes
Turn   | Place    | Note
-------+----------+-------------------------------------------
     0 | D:1      | Ijustatesigmund the Octopode Conjurer began the quest for the Orb.
     0 | D:1      | Reached XP level 1. HP: 11/11 MP: 3/3
   113 | D:1      | You fall through a shaft!
   259 | D:2      | Reached skill level 1 in Fighting
   259 | D:2      | Reached XP level 2. HP: 18/18 MP: 0/5
   263 | D:2      | Learned a level 2 spell: Searing Ray
  1353 | D:1      | Engulfed by a cloud of steam

Vault maps used:
D:1:      ncdulo_lavacross, lemuel_another_geyser
D:2:      zin_purify, first_bread

Skill      XL: |  1  2 |
---------------+-------+-----
Fighting       | 1 2 |  2.0
Dodging        | |  2.0
Stealth        | |  2.6
Spellcasting   | |  2.3
Conjurations   | |  4.0

Action                   || total
-------------------------++-------
Melee: Unarmed           ||     7
       Whip              ||     2
       Constrict         ||     2
       Tentacles         ||     1
 Cast: Magic Dart        ||    39
  Use: Scroll            ||     4
  Eat: Chunk             ||     1
Dodge: Dodged            ||     7
